 Dungeon Crawl Stone Soup version 0.32-a0-928-g1cae6b7ea0 (webtiles) character file.

Game seed: 6710621460379846737

64 mopl the Apothecary (level 4, -2/27 HPs)
             Began as an Octopode Alchemist on Apr 12, 2024.
             Killed by nerve-wracking pain
             ... invoked by an orc priest
              (14 damage)
             ... on level 3 of the Dungeon.
             The game lasted 00:02:46 (987 turns).

mopl the Apothecary (Octopode Alchemist)             Turns: 987, Time: 00:02:47

Health: -2/27      AC:  1    Str:  7    XL:     4   Next: 12%
Magic:  8/8        EV: 17    Int: 19    God:
Gold:   99         SH:  0    Dex: 12    Spells: 7/8 levels left

rFire   + . .        (no weapon)
rCold   . . .        (no shield)
rNeg    . . .        (helmet restricted)
rPois   .            (no amulet)
rElec   .            c - +5 ring of evasion
rCorr   .            f - ring of protection from fire
SInv    .            (no ring)
Will    .....        (no ring)
Stlth   +++          (no ring)
HPRegen 0.24/turn    (no ring)
MPRegen 0.11/turn    (no ring)
                     (no ring)

%: no passive effects
@: no status effects
A: almost no armour, amphibious, 8 rings, camouflage 1, gelatinous body 1,
(nimble swimmer 1), tentacles
a: Convert to Beogh


You were on level 3 of the Dungeon.
You visited 1 branch of the dungeon, and saw 4 of its levels.

You collected 99 gold pieces.

Inventory:

Jewellery
 c - a +5 ring of evasion (left tentacle)
 f - a ring of protection from fire (right tentacle)
Scrolls
 d - 3 scrolls of teleportation
 e - a scroll of vulnerability {unknown}
 i - a scroll of poison {unknown}
Potions
 a - a potion of magic
 b - 3 potions of degeneration {unknown}
 g - a potion of enlightenment {unknown}
 h - a potion of heal wounds {unknown}


   Skills:
 - Level 2.0 Dodging
 - Level 2.6 Stealth
 + Level 2.8 Spellcasting
 + Level 2.2 Conjurations
 + Level 4.1 Alchemy


You had 7 spell levels left.
You knew the following spells:

 Your Spells              Type           Power      Damage    Failure   Level
a - Sting                 Conj/Alch      56%        1d6       4%          1

Your spell library contained the following spells:

 Spells                   Type           Power      Damage    Failure   Level
 Mercury Vapours          Alch/Air       20%        N/A       10%         2
 Freeze                   Ice            8%         1d3       16%         1
 Mephitic Cloud           Conj/Alch/Air  10%        N/A       21%         3
 Olgreb's Toxic Radiance  Alch           18%        N/A       28%         4
 Hailstorm                Conj/Ice       6%         3d5       30%         3
 Frozen Ramparts          Ice            4%         1d1       43%         3
 Sticky Flame             Fire/Alch      10%        2d5       54%         4


Dungeon Overview and Level Annotations

Branches:
Dungeon (4/15)
 Temple: D:4-7

Altars:
Dithmenos
Hepliaklqana


Innate Abilities, Weirdness & Mutations

You cannot wear most types of armour.
You are amphibious.
You can wear up to eight rings at the same time.
Your skin changes colour to match your surroundings (Stealth+).
Your rubbery body absorbs attacks. (AC +1, EV +1)
((You are camouflaged when in or above water. (Stealth+)))
You have tentacles for arms and can constrict up to eight enemies at once.


Message History

Deactivating autopickup; reactivate with Ctrl-A.
You climb downwards.
Reactivating autopickup.
The gnoll shouts! x3; You hear a shout! x2
Found a stone staircase leading up.
There is a stone staircase leading up here.
An orc wizard comes into view. It is wielding a +0 dagger.
You hear a shout! x2
A gnoll comes into view.
It is wielding a +0 flail and quivering 2 throwing nets.
The orc wizard moves out of view.
You hear a shout!
The gnoll attacks as it pursues you! The gnoll closely misses you.
An orc comes into view. It is wielding a +0 club.
An orc comes into view. It is wielding a +0 hand axe.
The orc shouts! 2 orcs come into view.
The gnoll attacks as it pursues you! The gnoll misses you.
The gnoll attacks as it pursues you! The gnoll barely misses you.
The gnoll attacks as it pursues you! The gnoll completely misses you.
The gnoll attacks as it pursues you! The gnoll hits you with a +0 club!
The gnoll attacks as it pursues you! The gnoll hits you with a +0 club.
You open the door. The gnoll misses you.
There is an open door here.
The gnoll attacks as it pursues you! The gnoll closely misses you.
The gnoll attacks as it pursues you! The gnoll hits you with a +0 club.
The gnoll attacks as it pursues you! The gnoll barely misses you.
There is a stone staircase leading up here.
The gnoll misses you.
You climb upwards.
The orc priest shouts!
The kobold shouts!
The orc shouts! x2
You hear a shout!
The orc priest threatens, "Beogh's wrath is as vast as their mercy.
Make your choice!" (press Y on the ability menu to convert to Beogh)
Found a stone staircase leading down.
There is a stone staircase leading down here.
Unknown command.
The orc priest calls down the wrath of Beogh upon you.
Pain shoots through your body!
Ouch! That really hurt!
You die...

#. .# #. ..####.###
.........# ....o....#
### ...J..K..##...#
.......g....# #
.oo......##....
.#.o...@.......
#.........####
#......................
#..>......#####........
#.........# #........
###.###.### ........ #.
#.# #........ .. #..
#..... .. #. ###..#.#
#.


You could see an orc priest, a gnoll, 3 orcs, an endoplasm and a kobold.

Vanquished Creatures
  2 adders
  2 dart slugs (D:1)
  3 ball pythons (D:1)
  5 bats
  An endoplasm (D:1)
  5 giant cockroaches
  3 goblins
  A hobgoblin (D:3)
  6 jackals
  A quokka (D:2)
  2 frilled lizards
  3 kobolds
  5 rats
39 creatures vanquished.

Notes
Turn   | Place    | Note
-------+----------+-------------------------------------------
     0 | D:1      | mopl the Octopode Alchemist began the quest for the Orb.
     0 | D:1      | Reached XP level 1. HP: 11/11 MP: 3/3
   106 | D:1      | Reached XP level 2. HP: 15/17 MP: 0/5
   410 | D:1      | Found a faded altar of an unknown god.
   415 | D:1      | Prayed at the altar of an unknown god.
   415 | D:1      | Became a worshipper of Dithmenos the Shadowed
   415 | D:1      | Reached * piety under Dithmenos
   439 | D:1      | Fell from the grace of Dithmenos
   485 | D:1      | Reached XP level 3. HP: 19/21 MP: 1/6
   653 | D:2      | Reached skill level 2 in Conjurations
   787 | D:2      | Noticed a shadow
   787 | D:2      | Noticed a shadow demon
   787 | D:2      | Noticed a shadow
   860 | D:3      | Reached skill level 4 in Alchemy
   868 | D:3      | Found a hazy altar of Hepliaklqana.
   872 | D:3      | Reached XP level 4. HP: 26/27 MP: 5/8
   987 | D:3      | Killed from afar by an orc priest

Illustrated notes

Levels and vault maps discovered:
D:1:      dpeg_arrival_tiny_j, layout_loops_cross,
          shapermc_ecumenical_altar_petra, kennysheep_another_room
D:2:      layout_rooms, hangedman_glass_teeth
D:3:      layout_rooms, mainiacjoe_overflow_alcove_2, corexii_corridor_pit
D:4:      nicolae_cairo_tiling_large_dashed, layout_basic,
          hellmonk_overflow_destroyed_library, minmay_temple_entry_glassed_door,
          serial_shops, nicolae_shop_tiny_real_fake_doors, item_on_display_a,
          uniq_grinder

Skill      XL: |  1  2  3 |
---------------+----------+-----
Conjurations   | 2 |  2.2
Alchemy        | 4 |  4.1
Dodging        | |  2.0
Stealth        | |  2.6
Spellcasting   | |  2.8

Action                     |  1- 3 |  4- 6 || total
---------------------------+-------+-------++-------
  Melee: Unarmed           |    22 |     1 ||    23
         Constrict         |     8 |     1 ||     9
         Tentacles         |     3 |       ||     3
         Punch             |     1 |       ||     1
   Cast: Sting             |    42 |     7 ||    49
 Invoke: Renounce Religion |     1 |       ||     1
    Use: Scroll            |     1 |       ||     1
   Stab: Sleeping          |     1 |       ||     1
 Armour: Skin              |     6 |    12 ||    18
  Dodge: Dodged            |    28 |    36 ||    64

Table legend: (Time is in decaauts)
 A = Elapsed time spent in this place.
 B = Non-inter-level travel time spent in this place.
 C = Inter-level travel time spent in this place.
 D = Time resting spent in this place.
 E = Time spent auto-exploring this place.
 F = Levels seen in this place.
 G = Mean time per level.
                   A        B        C        D        E       F      G
               +--------+--------+--------+--------+--------+-----+--------+
         Total |    985 |    953 |     32 |     53 |    604 |   4 |  246.2 |
       Dungeon |    985 |    953 |     32 |     53 |    604 |   4 |  246.2 |
               +--------+--------+--------+--------+--------+-----+--------+

Top non-repeatable levels by time:
     D:1: 635 daAuts
     D:3: 172 daAuts
     D:2: 155 daAuts
     D:4: 21 daAuts
